 Dungeon Crawl Stone Soup version 0.30-a0-930-gb9d0489357 (webtiles) character file.

Game seed: 9916895892663831253

5183 kae the Carver (level 10, -1/85 HPs)
             Began as a Formicid Fighter on Mar 23, 2023.
             Was an Initiate of Makhleb.
             Slain by a black bear (3 damage)
             ... on level 8 of the Dungeon.
             The game lasted 00:08:53 (7963 turns).

kae the Carver (Formicid Fighter)                   Turns: 7963, Time: 00:08:53

Health: -1/85      AC:  8    Str: 32    XL:     10   Next: 90%
Magic:  10/10      EV: 10    Int:  7    God:    Makhleb [......]
Gold:   1392       SH:  5    Dex: 13    Spells: 9/9 levels left

rFire   + . .      SeeInvis +    o - +4 great sword (flame)
rCold   . . .      Faith    .    c - +0 buckler
rNeg    . . .      Spirit   .    b - +0 scale mail
rPois   .          Reflect  .    (helmet unavailable)
rElec   .          Rampage  .    H - +0 cloak
rCorr   .                        (no gloves)
Will    +....                    (no boots) Stlth
                                 (no amulet)
HPRegen 0.34/turn                F - ring of protection from fire
MPRegen 0.12/turn                S - +6 ring of strength

@: studying Throwing
A: permanent stasis, dig shafts and tunnels, antennae 3, four strong arms
a: Dig, Shaft Self, Renounce Religion


You were on level 8 of the Dungeon.
You worshipped Makhleb.
Makhleb was noncommittal.
You visited 2 branches of the dungeon, and saw 9 of its levels.
You also visited: Bailey.

You collected 1412 gold pieces.
You spent 20 gold pieces at shops.


Innate Abilities, Weirdness & Mutations

You cannot be hasted, slowed, berserked, paralysed or teleported.
You can dig through walls and to a lower floor.
You have a pair of large antennae on your head. (SInv)
Your four strong arms can wield two-handed weapons with a shield.


   Skills:
 + Level 10.0 Fighting
 * Level 12.3 Long Blades
 - Level 4.4 Armour
 - Level 5.3 Shields


You had 9 spell levels left.
You didn't know any spells.
Your spell library contained the following spells:

 Spells                   Type           Power      Damage    Failure   Level
 Stone Arrow              Conj/Erth      0%         3d7       97%         3
 Vhi's Electric Charge    Tloc/Air       0%         N/A       97%         3
 Animate Armour           Summ/Erth      0%         N/A       100%        4
 Arcjolt                  Conj/Air       0%         1d10      100%        5
 Lehudib's Crystal Spear  Conj/Erth      0%         10d2      100%        8
 Maxwell's Capacitive Co  Air            0%         ∞         100%        8

Inventory:

Hand Weapons
 a - a +1 long sword of freezing
 o - a +4 great sword of flaming (weapon)
   (You acquired it on level 4 of the Dungeon)
Missiles
 g - 71 stones
 t - 2 javelins
 x - 4 poisoned darts
 z - 6 boomerangs
Armour
 b - a +0 scale mail (worn)
 c - a +0 buckler (worn)
 H - a +0 cloak (worn)
   (You took it off Crazy Yiuf on level 7 of the Dungeon)
Jewellery
 f - the ring of Saps {Fire rElec Stlth+}
   (You found it on level 6 of the Dungeon)

   [ring of fire]

   It enhances your fire magic.
   rF:        It protects you from fire.
   rC:        It makes you vulnerable to cold.
   rElec:     It insulates you from electricity.
   Stlth:     It makes you more stealthy.
 F - a ring of protection from fire (left hand)
   (You found it on level 2 of the Dungeon)
 S - a +6 ring of strength (right hand)
   (You found it on level 3 of the Dungeon)
Wands
 h - a wand of roots (3)
   (You took it off Ijyb on level 3 of the Dungeon)
 q - a wand of digging (6)
   (You found it on level 4 of the Dungeon)
 r - a wand of quicksilver (12)
   (You found it on level 6 of the Dungeon)
 s - a wand of polymorph (2)
   (You found it on level 5 of the Dungeon)
 y - a wand of paralysis (10)
   (You found it on level 7 of the Dungeon)
 G - a wand of flame (20)
   (You took it off Joseph on level 7 of the Dungeon)
Scrolls
 k - 2 scrolls of fear
 C - a scroll of immolation {!r!r}
 D - a scroll of brand weapon
Potions
 d - a potion of might
 e - 3 potions of curing {@q1}
 i - 2 potions of attraction {!q}
 j - a potion of mutation {!q}
 l - 3 potions of heal wounds {@q2}
 m - 4 potions of flight
 p - a potion of resistance
 u - a potion of magic
 v - a potion of ambrosia
 w - 3 potions of brilliance
 B - 3 potions of cancellation

Dungeon Overview and Level Annotations

Branches:
Dungeon (8/15) Zot: 26804  Temple (1/1) D:7 Zot: 5638  Bailey (visited)
   Lair: D:8-11

Altars:
Ashenzari
Dithmenos
Elyvilon
Fedhas
Gozag
Hepliaklqana
Kikubaaqudgha
Makhleb
Nemelex Xobeh
Qazlal
Ru
Sif Muna
Uskayaw
Vehumet
Xom
Yredelemnul
Zin
The Shining One

Shops:
D:1

? ..h.PPP.Sl♣..
.hh..P..S.P☼.
.PPP.....§☼. ####
Ps...l..§§○# ..# #...
..§§§ #.#######...
.§☼
###+#...§§○○☼§###.#§#
#.......§§§§§.h@hh§§#
#.......§§§☼☼§#######
#.......○####.####
###.####.........#
##.# #.........#
#..####.........#
#....##.........#
#..#............#
##..#..#######..#


You could see 3 black bears.


Message History

* * * LOW HITPOINT WARNING * * *
You are too injured to fight recklessly!
You are too injured to fight recklessly! 😨 HP[-25]
You take 25 damage, and now have 28/85 hp.
MASSIVE DAMAGE!! (PAUSE)
You barely miss the wolf.
The wyvern bites you but does no damage.
The wolf bites you.
* * * LOW HITPOINT WARNING * * *
You block the wyvern's attack. 😨 HP[-1]
You take 1 damage, and now have 27/85 hp.
Unknown command.
You slice the wyvern!! You burn the wyvern.
You kill the wyvern!
Makhleb accepts your kill. The wolf closely misses you.
The wolf bites you but does no damage. The water moccasin bites you.
* * * LOW HITPOINT WARNING * * *
😨 HP[-1]
You take 1 damage, and now have 26/85 hp.
Unknown command.
You closely miss the water moccasin. The wolf bites you!
* * * LOW HITPOINT WARNING * * *
The water moccasin bites you.
* * * LOW HITPOINT WARNING * * *
The wolf bites you!
* * * LOW HITPOINT WARNING * * *
You block the water moccasin's attack. 😱 HP[-22]
You take 22 damage, and now have 4/85 hp.
MASSIVE DAMAGE!! (PAUSE)
You feel much better. The wolf bites you!
* * * LOW HITPOINT WARNING * * *
The water moccasin bites you but does no damage.
The wolf bites you but does no damage. 😨 HP[+22]
You regained 22 hp, and now have 26/85 hp.
Okay, then.
Okay, then.
Really read
n - a scroll of poison {!r}?
Really read the scroll of poison?
The air fills with toxic fumes!
As you read the scroll of poison {!r}, it crumbles to dust.
The wolf bites you but does no damage.
The water moccasin bites you but does no damage.
The wolf closely misses you. 😨 HP[+1]
You slice the water moccasin!! You burn the water moccasin.
The water moccasin closely misses you. The wolf bites you.
* * * LOW HITPOINT WARNING * * *
You block the water moccasin's attack. 😨 HP[-4]
You take 4 damage, and now have 23/85 hp.
You slash the water moccasin! You burn the water moccasin.
You kill the water moccasin!
Makhleb accepts your kill. You block the wolf's attack. The wolf bites you.
* * * LOW HITPOINT WARNING * * *
Your Fighting skill increases to level 10! 😨 HP[-1]
You take 1 damage, and now have 22/85 hp.
You slice the wolf!! You burn the wolf.
You kill the wolf!
Makhleb accepts your kill. The black bear barely misses you.
You block the black bear's attack. The black bear barely misses you.
The black bear bites you.
* * * LOW HITPOINT WARNING * * *
You block the black bear's attack. The black bear claws you.
* * * LOW HITPOINT WARNING * * *
You block the black bear's attack.
The black bear claws you but does no damage.
The black bear claws you.
* * * LOW HITPOINT WARNING * * *
😱 HP[-6]
You take 6 damage, and now have 16/85 hp.
You slash the black bear! You burn the black bear.
The black bear bites you but does no damage.
The black bear claws you but does no damage.
The black bear claws you.
* * * LOW HITPOINT WARNING * * *
The black bear bites you but does no damage.
The black bear claws you but does no damage.
The black bear barely misses you. 😱 HP[-2]
You take 2 damage, and now have 14/85 hp.
You slash the black bear! You burn the black bear. The black bear bites you!
* * * LOW HITPOINT WARNING * * *
The black bear barely misses you.
The black bear claws you but does no damage.
The black bear bites you.
* * * LOW HITPOINT WARNING * * *
You block the black bear's attack. The black bear misses you. 😱 HP[-10]
You take 10 damage, and now have 4/85 hp.
You hit the black bear. You burn the black bear. The black bear bites you.
* * * LOW HITPOINT WARNING * * *
The black bear barely misses you. The black bear claws you.
You die...

Skill      XL: |  1  2  3  4  5  6  7  8  9 10 |
---------------+-------------------------------+-----
Long Blades    | 3 4 6 9 10 12 | 12.3
Armour         | 4 |  4.4
Fighting       | 4 5 7 8 10 | 10.0
Shields        | 5 |  5.3

Action                     |  1- 3 |  4- 6 |  7- 9 | 10-12 || total
---------------------------+-------+-------+-------+-------++-------
  Melee: Long sword        |    93 |   230 |    36 |       ||   359
         Great sword       |       |       |   110 |    74 ||   184
  Evoke: Wand              |       |       |     5 |       ||     5
    Use: Scroll            |     2 |     8 |    13 |     3 ||    26
         Potion            |       |     1 |     3 |     1 ||     5
 Armour: Scale mail        |    34 |   137 |    38 |    29 ||   238
  Dodge: Dodged            |    43 |   120 |    43 |    27 ||   233
  Block: Buckler           |    17 |   102 |    50 |    27 ||   196

Levels and vault maps discovered:
D:1:      saegor_arrival_simple_a, layout_basic,
          hellmonk_ecumenical_altar_run_dry, nicolae_nh_oracle_at_delphi
D:2:      layout_loops_corners
D:3:      layout_loops_ring, mainiacjoe_overflow_concentric_impassable,
          kennysheep_jessica_study, uniq_ijyb, uniq_robin
D:4:      layout_loops_cross, nicolae_goblin_pals, uniq_menkaure
D:5:      layout_loops_ring, nrook_pool_corridor, minmay_misc_feat_chi,
          dk_noncrumbling_2
D:6:      layout_loops_ring, lemuel_round_altar, gammafunk_ghost_icy, uniq_pikel
D:7:      layout_cave_pools, grunt_temple_overflow_holy_war, lemuel_tele_altar,
          minmay_temple_entry_slanted, enter_bailey_2, grunt_ministairs_6,
          uniq_maggie, uniq_joseph, uniq_crazy_yiuf_cottage
D:8:      layout_basic, jmf_multi_god_temple, mainiacjoe_overflow_24_doors,
          minmay_lair_entry_grove, minmay_manual_mess
Temple:   nicolae_temple_figure_eight

Notes
Turn   | Place    | Note
-------+----------+-------------------------------------------
     0 | D:1      | kae the Formicid Fighter began the quest for the Orb.
     0 | D:1      | Reached XP level 1. HP: 18/18 MP: 1/1
     0 | D:1      | magus.rc [v1.11.3]
    71 | D:1      | Reached XP level 2. HP: 24/24 MP: 2/2
   263 | D:1      | Reached XP level 3. HP: 29/29 MP: 3/3
   332 | D:1      | Found a faded altar of an unknown god.
   569 | D:1      | Found The Oracle's Delphic Readings.
   622 | D:1      | Bought a scroll of identify for 20 gold pieces
  1060 | D:2      | Reached skill level 3 in Long Blades
  1060 | D:2      | Reached XP level 4. HP: 37/37 MP: 4/4
  1684 | D:3      | Noticed Ijyb
  1717 | D:3      | Noticed Robin
  1733 | D:2      | HP: 6/37 [goblin/+0 club[Robin] (6)]
  1859 | D:2      | Killed Robin
  1860 | D:2      | Reached skill level 4 in Armour
  1860 | D:2      | Reached XP level 5. HP: 34/42 MP: 5/5
  1937 | D:2      | Reached skill level 4 in Fighting
  2124 | D:3      | Killed Ijyb
  2363 | D:3      | Found a radiant altar of Vehumet.
  2375 | D:3      | Noticed an ice beast
  2647 | D:3      | Noticed Jessica
  2664 | D:3      | Killed Jessica
  2665 | D:3      | Reached skill level 5 in Shields
  2883 | D:4      | HP: 5/42 [iguana (12)]
  2887 | D:4      | Reached skill level 4 in Long Blades
  2887 | D:4      | Reached XP level 6. HP: 12/48 MP: 6/6
  3385 | D:4      | You pick up a book of Armaments and begin reading...
  3385 | D:4      | You add the spells Stone Arrow, Animate Armour and
                  | Lehudib's Crystal Spear to your library.
  3418 | D:4      | You add the spells Vhi's Electric Charge, Arcjolt and
                  | Maxwell's Capacitive Coupling to your library.
  3477 | D:3      | Reached XP level 7. HP: 23/55 MP: 7/7
  3537 | D:3      | Reached skill level 5 in Fighting
  3537 | D:3      | Reached skill level 5 in Long Blades
  3850 | D:4      | Noticed Menkaure
  3863 | D:4      | HP: 9/56 [Menkaure (21)]
  3865 | D:4      | Killed Menkaure
  3866 | D:4      | Reached skill level 6 in Long Blades
  3866 | D:4      | Reached XP level 8. HP: 11/63 MP: 8/8
  4137 | D:4      | Identified a scroll of acquirement
  4137 | D:4      | Acquired a +2 great sword of flaming
  4167 | D:5      | Entered Level 5 of the Dungeon
  4441 | D:5      | Reached skill level 6 in Fighting
  4441 | D:5      | Reached skill level 7 in Long Blades
  5145 | D:6      | Found a sacrificial altar of Ru.
  5315 | D:6      | Noticed Pikel
  5328 | D:6      | Killed Pikel
  5329 | D:6      | Reached skill level 7 in Fighting
  5329 | D:6      | Reached skill level 9 in Long Blades
  5329 | D:6      | Reached XP level 9. HP: 51/72 MP: 9/9
  5523 | D:6      | Found a runed translucent gate.
  5523 | D:6      | Found a runed translucent gate.
  5524 | D:6      | Found a runed translucent gate.
  5554 | D:6      | Noticed ThereIsNoGod's ghost (novice OpFi)
  5887 | D:6      | Acquired 1010 gold pieces
  5961 | D:7      | Found a flagged portal.
  5968 | D:7      | Identified the +2 hand axe "Fop Cumo" {elec, Str+4 Int+3}
  5971 | Bailey   | Entered a bailey
  5976 | Bailey   | Noticed an orc warlord
  6071 | Bailey   | Noticed an orc knight
  6094 | Bailey   | Killed an orc knight
  6095 | Bailey   | Reached skill level 8 in Fighting
  6121 | Bailey   | Reached skill level 10 in Long Blades
  6298 | Bailey   | Found a runed translucent gate.
  6301 | Bailey   | Found a runed translucent gate.
  6303 | Bailey   | Found a runed translucent gate.
  6509 | D:7      | Noticed Maggie
  6533 | D:7      | Killed Maggie
  6534 | D:7      | Reached XP level 10. HP: 78/82 MP: 10/10
  6573 | D:7      | Found a basalt altar of Yredelemnul.
  6583 | D:7      | Found a glowing golden altar of the Shining One.
  6586 | D:7      | Noticed an angel
  6786 | D:7      | Found a staircase to the Ecumenical Temple.
  6800 | Temple   | Entered the Ecumenical Temple
  7140 | Temple   | Became a worshipper of Makhleb the Destroyer
  7209 | D:6      | Killed ThereIsNoGod's ghost
  7210 | D:6      | Reached skill level 9 in Fighting
  7210 | D:6      | Reached skill level 11 in Long Blades
  7316 | D:6      | Got the ring of Saps {Fire rElec Stlth+}
  7462 | D:7      | Found a shadowy altar of Dithmenos.
  7462 | D:7      | Noticed Joseph
  7471 | D:7      | Killed Joseph
  7598 | D:7      | Found a runed translucent door.
  7599 | D:7      | Noticed Crazy Yiuf
  7749 | D:7      | Killed Crazy Yiuf
  7946 | D:8      | Reached skill level 12 in Long Blades
  7955 | D:8      | HP: 17/85 [wolf (9)]
  7955 | D:8      | HP: 4/85 [wolf (9)]
  7960 | D:8      | Reached skill level 10 in Fighting
  7960 | D:8      | HP: 18/85 [black bear (5)]
  7962 | D:8      | HP: 8/85 [black bear (7)]
  7963 | D:8      | HP: 2/85 [black bear (2)]
  7963 | D:8      | Slain by a black bear

Vanquished Creatures
  Pikel (D:6)
  An orc knight (Bailey)
  Joseph (D:7)
  Maggie (D:7)
  The ghost of ThereIsNoGod the Insei, a novice OpFi (D:6)
  3 wyverns
  Menkaure (D:4)
  5 water moccasins
  3 orc warriors
  7 ice beasts
  2 wolves (D:8)
  2 ogres
  A phantom (D:4)
  5 scorpions
  A killer bee (D:8)
  2 howler monkeys (D:5)
  4 hounds
  Crazy Yiuf (D:7)
  An orc priest (D:3)
  4 iguanas
  Jessica (D:3)
  2 orc wizards
  Ijyb (D:3)
  Robin (D:2)
  A gnoll (Bailey)
  8 adders
  A shadow imp (D:6)
  4 white imps
  An ufetubus (D:5)
  2 worms
  3 dart slugs (D:1)
  18 orcs
  6 endoplasms
  A giant cockroach (D:1)
  20 goblins
  10 hobgoblins
  4 quokkas
  9 ball pythons
  6 bats
  2 frilled lizards
  14 kobolds
  5 rats
167 creatures vanquished.

Vanquished Creatures (others)
  4 fungi (D:8)
  A plant (D:8)
5 creatures vanquished.

Grand Total: 172 creatures vanquished

Table legend:
 A = Non-vault XP
 B = Vault XP
 C = Vault XP percentage of total XP
 D = Non-vault monster count
 E = Vault monster count
 F = Vault count percentage of total count
                 A         B        C        D         E       F
            +---------+---------+-------+---------+---------+-------
      Total |    2365 |    5040 |  68.1 |     101 |      66 |  39.5
            +---------+---------+-------+---------+---------+-------
        D:1 |      44 |       3 |   6.4 |      22 |       2 |   8.3
        D:2 |      82 |      33 |  28.7 |      19 |      11 |  36.7
        D:3 |     233 |      77 |  24.8 |      12 |       4 |  25.0
        D:4 |     360 |     185 |  33.9 |      19 |       9 |  32.1
        D:5 |     434 |       0 |   0.0 |      13 |       0 |   0.0
        D:6 |     586 |    1542 |  72.5 |      10 |       9 |  47.4
        D:7 |     626 |    1166 |  65.1 |       6 |       7 |  53.8
        D:8 |       0 |    1103 | 100.0 |       0 |      10 | 100.0
     Bailey |       0 |     931 | 100.0 |       0 |      14 | 100.0
            +---------+---------+-------+---------+---------+-------

Illustrated notes

Table legend:
 A = Kills in this place as a percentage of kills in the entire game.
 B = Kills by you in this place as a percentage of kills by you in the entire game.
 C = Kills by friends in this place as a percentage of kills by friends in the entire game.
 D = Other kills in this place as a percentage of other kills in the entire game.
 E = Experience gained in this place as a percentage of experience gained in the entire game.
 F = Experience gained in this place divided by the number of levels of this place that you have seen.
                   A       B       C       D       E      F
               +-------+-------+-------+-------+-------+----------------------
         Total | 100.0 | 100.0 |   N/A |   N/A | 100.0 | 740.5
       Dungeon |  91.6 |  91.6 |   N/A |   N/A |  87.4 | 809.2
        Bailey |   8.4 |   8.4 |   N/A |   N/A |  12.6 | 931.0
               +-------+-------+-------+-------+-------+----------------------

Table legend: (Time is in decaauts)
 A = Elapsed time spent in this place.
 B = Non-inter-level travel time spent in this place.
 C = Inter-level travel time spent in this place.
 D = Time resting spent in this place.
 E = Time spent auto-exploring this place.
 F = Levels seen in this place.
 G = Mean time per level.
                   A        B        C        D        E       F      G
               +--------+--------+--------+--------+--------+-----+--------+
         Total |   8115 |   7811 |    304 |    728 |   5631 |  10 |  811.5 |
       Dungeon |   7221 |   6973 |    248 |    616 |   5103 |   8 |  902.6 |
        Temple |    361 |    305 |     56 |    100 |    203 |   1 |  361.0 |
        Bailey |    531 |    531 |      0 |     12 |    325 |   1 |  531.0 |
               +--------+--------+--------+--------+--------+-----+--------+

Top non-repeatable levels by time:
     D:2: 1219 daAuts
     D:3: 1161 daAuts
     D:4: 1105 daAuts
     D:6: 1044 daAuts
     D:5: 881 daAuts
     D:7: 840 daAuts
     D:1: 773 daAuts
  Bailey: 531 daAuts
  Temple: 361 daAuts
     D:8: 194 daAuts
